 Dungeon Crawl Stone Soup version 0.29-a0-356-g7bc237e783 (webtiles) character file.

Game seed: 6301927501505841623

4194 spaghetti the Arsonist (level 10, -1/63 HPs)
             Began as a Demonspawn Fire Elementalist on Apr 26, 2022.
             Was a Believer of Qazlal.
             Slain by a slime creature (11 damage)
             ... on level 7 of the Dungeon.
             The game lasted 00:16:15 (9953 turns).

spaghetti the Arsonist (DsFE)                       Turns: 9953, Time: 00:16:16

Health: -1/63      AC:  9    Str:  8    XL:     10   Next: 8%
Magic:  10/31      EV: 12    Int: 21    God:    Qazlal [**....]
Gold:   403        SH:  7    Dex: 14    Spells: 12/26 levels left

rFire   . . .      SeeInvis .   D - staff of conjuration {!a@e2staff}
rCold   . . .      Faith    .   (no shield)
rNeg    . . .      Spirit   .   a - +0 robe
rPois   .          Reflect  .   O - +0 helmet
rElec   .          Harm     .   v - +0 cloak
rCorr   .          Rampage  .   u - +0 pair of gloves
Will    .....                   r - +1 pair of boots
Stlth   ++........              f - amulet of the acrobat
HPRegen 0.20/turn               x - ring of magical power
MPRegen 0.22/turn               (no ring)

@: very slightly contaminated
A: hooves 1, slimy green scales 1, powered by death 2, condensation shield
a: Renounce Religion, Upheaval


You were on level 7 of the Dungeon.
You worshipped Qazlal.
Qazlal was pleased with you.
You visited 2 branches of the dungeon, and saw 8 of its levels.

You collected 403 gold pieces.


Innate Abilities, Weirdness & Mutations

You have large cloven feet.
You are partially covered in slimy green scales. (AC +2)
You regenerate health from kills.
A meltable shield of frost defends you. (SH +4)


   Skills:
 - Level 1.7 Dodging
 - Level 1.7 Stealth
 + Level 8.8 Spellcasting
 - Level 5.0 Conjurations
 - Level 5.0 Hexes
 - Level 10.1 Fire Magic


You had 12 spell levels left.
You knew the following spells:

 Your Spells              Type           Power      Damage    Failure   Level
a - Foxfire               Conj/Fire      100%       2x1d9     1%          1
b - Scorch                Fire           100%       2d10      1%          2
c - Inner Flame           Hex/Fire       41%        N/A       1%          3
d - Sticky Flame          Conj/Fire      57%        2d7       3%          4
e - Flame Wave            Conj/Fire      57%        2d11      3%          4

Your spell library contained the following spells:

 Spells                   Type           Power      Damage    Failure   Level
 Conjure Flame            Conj/Fire      57%        6-21      1%          3
 Shock                    Conj/Air       100%       1d9       2%          1
 Static Discharge         Conj/Air       29%        N/A       4%          2
 Animate Skeleton         Necr           18%        N/A       8%          1
 Apportation              Tloc           18%        N/A       8%          1
 Freeze                   Ice            36%        1d6       8%          1
 Summon Small Mammal      Summ           36%        N/A       8%          1
 Cause Fear               Hex            15%        N/A       10%         4
 Sublimation of Blood     Necr           9%         N/A       11%         2
 Frozen Ramparts          Ice            18%        1d3       22%         3
 Swiftness                Air            9%         N/A       22%         3
 Hailstorm                Conj/Ice       29%        3d8       26%         4
 Airstrike                Air            4%         N/A       58%         4
 Dispel Undead            Necr           9%         3d8       58%         4
 Petrify                  Tmut/Erth      9%         N/A       58%         4
 Irradiate                Conj/Tmut      14%        3d18      58%         5
 Discord                  Hex            15%        N/A       100%        8

Inventory:

Hand Weapons
 j - a +2 trident {polearm}
   (You took it off a wight on level 7 of the Dungeon)
 m - a +0 short sword of venom {short}
   (You took it off Duvessa on level 4 of the Dungeon)
 t - a +0 short sword of venom {short}
   (You took it off a kobold on level 5 of the Dungeon)
 H - a +4 scythe of protection {polearm}
   (You took it off Sigmund on level 6 of the Dungeon)
 J - a +0 dagger of speed {short}
   (You took it off an orc on level 3 of the Dungeon)
 M - a +1 spear of flaming {polearm}
   (You took it off a gnoll sergeant on level 6 of the Dungeon)
 P - a +3 dire flail of freezing {mace}
   (You took it off a wight on level 7 of the Dungeon)
 Q - a +3 flail {mace}
   (You took it off a wight on level 7 of the Dungeon)
 R - a +3 short sword {short}
   (You took it off an orc on level 7 of the Dungeon)
 S - a +0 dagger of venom {short}
   (You took it off an orc on level 7 of the Dungeon)
 T - a +3 falchion of freezing {long}
   (You took it off a wight on level 7 of the Dungeon)
 U - a +3 flail {mace}
   (You took it off a wight on level 7 of the Dungeon)
 V - a +3 halberd of freezing {polearm}
   (You took it off a wight on level 7 of the Dungeon)
 W - a +3 dagger of freezing {short}
   (You took it off a wight on level 7 of the Dungeon)
Missiles
 c - 331 stones {throwing}
 l - 29 poisoned darts {throwing}
 y - 4 boomerangs of dispersal {=f!fthrowing}
 E - 4 boomerangs {throwing}
 L - a curare-tipped dart {=fthrowing}
 N - 2 throwing nets {=f!fthrowing}
Armour
 a - a +0 robe (worn)
 r - a +1 pair of boots (worn)
   (You found it on level 2 of the Dungeon)
 u - a +0 pair of gloves (worn)
   (You found it on level 5 of the Dungeon)
 v - a +0 cloak (worn)
   (You found it on level 3 of the Dungeon)
 O - a +0 helmet (worn)
   (You found it on level 7 of the Dungeon)
Magical Staves
 i - a staff of air {!astaff}
   (You found it on level 4 of the Dungeon)
 D - a staff of conjuration (weapon) {!a@e2staff}
   (You found it on level 5 of the Dungeon)
Jewellery
 e - the amulet "Velodil" {rElec Regen+ Int+4 Dex+4 SInv}
   (You found it on level 3 of the Dungeon)

   [amulet of regeneration]

   Int:       It affects your intelligence (+4).
   Dex:       It affects your dexterity (+4).
   rElec:     It insulates you from electricity.
   SInv:      It lets you see invisible.
   Regen:     It increases your rate of health regeneration.
 f - an amulet of the acrobat (around neck)
   (You found it on level 3 of the Dungeon)
 x - a ring of magical power (left hand)
   (You found it on level 5 of the Dungeon)
Wands
 n - a wand of acid (10)
   (You found it on level 4 of the Dungeon)
 I - a wand of flame (43)
   (You took it off Sigmund on level 6 of the Dungeon)
Scrolls
 g - 2 scrolls of torment {!r}
 h - a scroll of blinking {!r}
 p - 4 scrolls of enchant weapon
 q - a scroll of enchant armour
 s - a scroll of holy word {!r}
 B - 5 scrolls of immolation {!r!r}
 F - 2 scrolls of noise {!r}
 K - 4 scrolls of teleportation {@r4}
Potions
 b - a potion of magic
 d - 2 potions of mutation {unknown}
 k - 4 potions of lignification {unknown}
 o - a potion of attraction {unknown}
 w - a potion of degeneration {unknown}
 z - 6 potions of curing {unknown}
 A - a potion of ambrosia {unknown}
 C - 3 potions of heal wounds {@q2}
 G - a potion of haste {@q3}
 X - a potion of cancellation {unknown}

Dungeon Overview and Level Annotations

Branches:
Dungeon (7/15)             Temple (1/1) D:5

Altars:
Ashenzari
Cheibriados
Dithmenos
Elyvilon
Fedhas
Gozag
Hepliaklqana
Kikubaaqudgha
Makhleb
Nemelex Xobeh
Okawaru
Qazlal
Ru
Sif Muna
Trog
Uskayaw
Vehumet
Wu Jian
Xom
Yredelemnul
Zin
The Shining One

#.####......##
...<........#
......$.....
...........
..........
#........# #
##JJJ.....# #
#..@J.....# #
#........## #
##.##..<.## ##
#..# #.### .#
##.## ## .#
#..# ### .#
#..# ###.###
.## ##.##
##.....##
..#### #..#
##.......#


You could see 4 slime creatures.


Message History

😎 MP[-2]
You lost 2 mp, and now have 29/31 mp.
Casting: Scorch (safe; 1% risk of failure)
Confirm with . or Enter, or press ? or * to list all spells.
Flames lash the slime creature.
The slime creature is burned terribly!
The slime creature quivers.
The slime creature hits you! 😕 HP[-10] MP[-2]
You take 10 damage, and now have 53/63 hp.
You lost 2 mp, and now have 27/31 mp.
Casting: Scorch (safe; 1% risk of failure)
Confirm with . or Enter, or press ? or * to list all spells.
Flames lash the slime creature.
The slime creature is burned terribly!
The slime creature hits you! 😮 HP[-9] MP[-2]
You take 9 damage, and now have 44/63 hp.
You lost 2 mp, and now have 25/31 mp.
Casting: Scorch (safe; 1% risk of failure)
Confirm with . or Enter, or press ? or * to list all spells.
Aiming: Sticky Flame (dangerous; 3% risk of failure)
Press: ? - help, Shift-Dir - straight line, f - slime creature
Aim: a slime creature (severely wounded, more vulnerable to fire, 100% to hit)
You feel a surge of power!
The sticky flame hits the slime creature!
The slime creature is burned terribly!
The slime creature is covered in liquid flames!
The slime creature burns!
You block the slime creature's attack. 😮 MP[-3]
You lost 3 mp, and now have 22/31 mp.
Casting: Sticky Flame (dangerous; 3% risk of failure)
Confirm with . or Enter, or press ? or * to list all spells.
Flames lash the slime creature.
The slime creature's fire resistance burns away.
The slime creature burns!
The slime creature hits you but does no damage. x2 😮 MP[-2]
You lost 2 mp, and now have 20/31 mp.
Casting: Scorch (safe; 1% risk of failure)
Confirm with . or Enter, or press ? or * to list all spells.
Aiming: Inner Flame (safe; 1% risk of failure)
Press: ? - help, Dir - move target, f/p - slime creature
Aim: a slime creature (sparse dust, almost dead, covered in liquid flames, more vulnerable to fire, chance to affect: 78%)
The slime creature barely resists.
The slime creature burns!
You kill the slime creature!
Qazlal accepts your kill. The slime creature closely misses you.
The slime creature hits you but does no damage. 😮 HP[+1] MP[-3]
You lost 3 mp, and now have 17/31 mp.
Casting: Inner Flame (safe; 1% risk of failure)
Confirm with . or Enter, or press ? or * to list all spells.
Aiming: Inner Flame (safe; 1% risk of failure)
Press: ? - help, Dir - move target, f - slime creature
Aim: a slime creature (chance to affect: 79%)
You miscast Inner Flame.
You are very lightly contaminated with residual magic.
Nothing appears to happen.
Two slime creatures merge to form a large slime creature.
The slime creature hits you!
You block the slime creature's attack. 😮 HP[-10] MP[-3]
You take 10 damage, and now have 35/63 hp.
You lost 3 mp, and now have 14/31 mp.
Casting: Inner Flame (safe; 1% risk of failure)
Confirm with . or Enter, or press ? or * to list all spells.
Aiming: Inner Flame (safe; 1% risk of failure)
Press: ? - help, Dir - move target, f/p - slime creature
Aim: a slime creature (chance to affect: 79%)
The slime creature is filled with an inner flame.
The slime creature hits you but does no damage.
You block the slime creature's attack.
A large slime creature splits. 😮 HP[+1] MP[-3]
You lost 3 mp, and now have 11/31 mp.
Casting: Inner Flame (safe; 1% risk of failure)
Confirm with . or Enter, or press ? or * to list all spells.
You don't know that spell.
Really attack while wielding your staff of conjuration {!a@e2staff}?
You hit the slime creature.
Flame seeps out of the slime creature.
The slime creature is no longer more vulnerable to fire.
The slime creature hits you!
* * * LOW HITPOINT WARNING * * *
The slime creature is engulfed in blazing flames.
Flame seeps out of the slime creature.
You block the slime creature's attack. x2
The slime creature closely misses you. 😨 HP[-9] MP[+1]
You take 9 damage, and now have 27/63 hp.
Aiming: Corrosive Bolt
Press: ? - help, Shift-Dir - straight line, f/p - slime creature
Aim: a slime creature (flame, moderately wounded, inner flame, 94% to hit)
Okay, then.
Okay, then.
Casting: Inner Flame (safe; 1% risk of failure)
Confirm with . or Enter, or press ? or * to list all spells.
Flames lash the slime creature.
The slime creature's fire resistance burns away.
You block the slime creature's attack.
The slime creature is engulfed in blazing flames.
Flame seeps out of the slime creature.
The slime creature hits you!
* * * LOW HITPOINT WARNING * * *
The slime creature hits you!
You die...

Skill      XL: |  1  2  3  4  5  6  7  8  9 |
---------------+----------------------------+-----
Fire Magic     | 3 10 | 10.1
Spellcasting   | 3 4 6 8 |  8.8
Hexes          | 1 2 3 5 |  5.0
Conjurations   | 2 3 5 |  5.0
Dodging        | |  1.7
Stealth        | |  1.7

Action                   |  1- 3 |  4- 6 |  7- 9 | 10-12 || total
-------------------------+-------+-------+-------+-------++-------
Melee: Unarmed           |     4 |    13 |       |       ||    17
       Dagger            |       |    53 |    13 |       ||    66
       Punch             |       |     1 |       |       ||     1
       Short sword       |       |       |     3 |       ||     3
       Staff             |       |       |       |     1 ||     1
Throw: Stone             |       |     1 |       |       ||     1
 Cast: Foxfire           |    83 |    38 |    57 |       ||   178
       Scorch            |       |    40 |   102 |     7 ||   149
       Inner Flame       |       |     5 |    26 |     2 ||    33
       Sticky Flame      |       |     1 |     5 |     1 ||     7
  Use: Potion            |     2 |     2 |     1 |       ||     5
       Scroll            |       |       |     8 |       ||     8
 Stab: Sleeping          |       |     1 |       |       ||     1
Armor: Robe              |     4 |    34 |    21 |     5 ||    64
Dodge: Dodged            |     7 |    61 |    39 |     3 ||   110
Block: Other             |     4 |    21 |    19 |     6 ||    50

Levels and vault maps discovered:
D:1:      minmay_arrival_four_houses, layout_loops_ring
D:2:      layout_rooms, serial_bayou_lagoon_a
D:3:      kennysheep_slugbush, layout_loops_ring, roderic_serpentine_path,
          corexii_shack, grunt_decor_resistance
D:4:      layout_rooms, cheibrodos_sewer_entry_bend, glass_columns_a,
          uniq_duvessa, uniq_eustachio
D:5:      layout_basic, nicolae_sif_muna_condensation,
          minmay_temple_entry_crystal_x
D:6:      layout_basic, nicolae_figureground_pulse, uniq_sigmund, uniq_edmund
D:7:      layout_cave_pods, grunt_tough_drop
Temple:   kilobyte_greek_temple

Notes
Turn   | Place    | Note
-------+----------+-------------------------------------------
     0 | D:1      | spaghetti the Demonspawn Fire Elementalist began the quest
                  | for the Orb.
     0 | D:1      | Reached XP level 1. HP: 13/13 MP: 3/3
     0 | D:1      | magus.rc [v1.9.6]
   426 | D:1      | Gained mutation: You are partially covered in slimy green
                  | scales. (AC +2) [demonic ancestry]
   426 | D:1      | Reached XP level 2. HP: 19/19 MP: 0/5
   720 | D:1      | Learned a level 2 spell: Scorch
   883 | D:1      | Reached skill level 3 in Fire Magic
  1648 | D:2      | Reached skill level 3 in Spellcasting
  1648 | D:2      | Gained mutation: A meltable shield of frost defends you.
                  | (SH +4) [demonic ancestry]
  1648 | D:2      | Reached XP level 3. HP: 24/24 MP: 0/7
  1829 | D:2      | Identified a potion of experience
  1829 | D:2      | Reached skill level 10 in Fire Magic
  1829 | D:2      | Gained mutation: You have large cloven feet. [demonic
                  | ancestry]
  1829 | D:2      | Reached XP level 4. HP: 11/30 MP: 0/8
  1835 | D:2      | HP: 7/30 [poisoned by an adder]
  1930 | D:1      | Learned a level 3 spell: Inner Flame
  2574 | D:2      | You pick up a book of Touch and begin reading...
  2574 | D:2      | You add the spells Static Discharge, Sticky Flame and
                  | Dispel Undead to your library.
  3030 | D:3      | Gained mutation: You regenerate a little health from kills.
                  | [demonic ancestry]
  3030 | D:3      | Reached XP level 5. HP: 32/35 MP: 2/10
  3392 | D:3      | Reached skill level 1 in Hexes
  3796 | D:3      | You pick up a book of Alchemy and begin reading...
  3796 | D:3      | You add the spells Sublimation of Blood, Petrify and
                  | Irradiate to your library.
  3954 | D:3      | You pick up a book of Frost and begin reading...
  3954 | D:3      | You add the spells Freeze, Frozen Ramparts and Hailstorm to
                  | your library.
  4226 | D:3      | Reached XP level 6. HP: 41/41 MP: 11/11
  4254 | D:3      | Identified the amulet "Velodil" {rElec Regen+ Int+4 Dex+4
                  | SInv}
  4564 | D:4      | Noticed Duvessa
  4566 | D:4      | Noticed Dowan
  4566 | D:4      | Noticed Eustachio
  4571 | D:4      | Killed Duvessa
  4572 | D:4      | Reached skill level 2 in Conjurations
  4572 | D:4      | Reached skill level 2 in Hexes
  4659 | D:3      | Learned a level 4 spell: Sticky Flame
  4675 | D:3      | Killed Eustachio
  4676 | D:3      | Reached skill level 4 in Spellcasting
  4676 | D:3      | Reached XP level 7. HP: 37/46 MP: 4/13
  4758 | D:4      | Killed Dowan
  5154 | D:4      | Reached skill level 3 in Conjurations
  5368 | D:5      | Entered Level 5 of the Dungeon
  5397 | D:5      | Reached skill level 3 in Hexes
  5735 | D:5      | You pick up a book of Hexes and begin reading...
  5735 | D:5      | You add the spells Cause Fear and Discord to your library.
  5810 | D:5      | Found a staircase to the Ecumenical Temple.
  5819 | Temple   | Entered the Ecumenical Temple
  5952 | Temple   | Became a worshipper of Qazlal Stormbringer
  6124 | D:5      | Found a shimmering blue altar of Sif Muna.
  6482 | D:5      | Gained mutation: You regenerate health from kills. [demonic
                  | ancestry]
  6482 | D:5      | Reached XP level 8. HP: 52/52 MP: 14/14
  6659 | D:5      | Learned a level 4 spell: Flame Wave
  7075 | D:6      | Noticed Sigmund
  7080 | D:6      | Killed Sigmund
  7081 | D:6      | Reached skill level 4 in Conjurations
  7229 | D:6      | Reached skill level 5 in Spellcasting
  7238 | D:6      | Reached skill level 4 in Hexes
  7348 | D:6      | You pick up a book of Air and begin reading...
  7348 | D:6      | You add the spells Shock, Swiftness and Airstrike to your
                  | library.
  7586 | D:6      | Noticed Edmund
  7592 | D:6      | Killed Edmund
  7651 | D:6      | HP: 8/52 [spore (25)]
  7756 | D:6      | Reached * piety under Qazlal
  8123 | D:6      | HP: 13/52 [spore (39)]
  8124 | D:6      | Reached skill level 6 in Spellcasting
  8124 | D:6      | Reached skill level 5 in Conjurations
  8124 | D:6      | Reached skill level 5 in Hexes
  8124 | D:6      | Reached XP level 9. HP: 16/57 MP: 17/18
  8695 | D:7      | Reached skill level 7 in Spellcasting
  8717 | D:7      | Reached ** piety under Qazlal
  9025 | D:7      | HP: 13/56 [something (5)]
  9435 | D:7      | HP: 5/57 [spore (16)]
  9436 | D:7      | Reached skill level 8 in Spellcasting
  9652 | D:7      | You pick up a book of Cantrips and begin reading...
  9652 | D:7      | You add the spells Animate Skeleton, Summon Small Mammal
                  | and Apportation to your library.
  9875 | D:7      | Reached XP level 10. HP: 63/63 MP: 22/22
  9953 | D:7      | HP: 10/63 [slime creature (17)]
  9953 | D:7      | Slain by a slime creature

Vanquished Creatures
  A slime creature (D:7)
  Sigmund (D:6)
  Eustachio (D:3)
  4 vampire mosquitoes
  Edmund (D:6)
  A water moccasin (D:7)
  Duvessa (D:4)
  A sky beast (D:7)
  A black bear (D:7)
  3 ice beasts
  3 ogres
  3 kobold brigands
  A necrophage (D:7)
  A gnoll sergeant (D:6)
  2 scorpions
  A bullfrog (D:6)
  10 wights (D:7)
  Dowan (D:4)
  4 killer bees
  4 howler monkeys
  4 hounds
  2 iguanas
  2 orc priests
  3 gnoll shamans
  2 orc wizards
  12 gnolls
  9 adders
  A shadow imp (D:7)
  2 white imps
  An ufetubus (D:3)
  4 worms
  10 dart slugs (D:3)
  16 orcs
  7 endoplasms
  2 giant cockroaches
  7 goblins
  10 hobgoblins
  21 kobolds
  5 quokkas
  6 ball pythons
  6 bats
  2 frilled lizards
  7 rats
186 creatures vanquished.

Vanquished Creatures (collateral kills)
  A foxfire (D:2)
1 creature vanquished.

Vanquished Creatures (others)
  301 foxfires
  3 plants (D:2)
304 creatures vanquished.

Grand Total: 491 creatures vanquished

Table legend:
 A = Non-vault XP
 B = Vault XP
 C = Vault XP percentage of total XP
 D = Non-vault monster count
 E = Vault monster count
 F = Vault count percentage of total count
                 A         B        C        D         E       F
            +---------+---------+-------+---------+---------+-------
      Total |    4549 |    1375 |  23.2 |     164 |      22 |  11.8
            +---------+---------+-------+---------+---------+-------
        D:1 |      29 |       0 |   0.0 |      18 |       0 |   0.0
        D:2 |      96 |       0 |   0.0 |      26 |       0 |   0.0
        D:3 |     208 |     234 |  52.9 |      31 |      11 |  26.2
        D:4 |     253 |     209 |  45.2 |       6 |       3 |  33.3
        D:5 |     539 |       0 |   0.0 |      19 |       0 |   0.0
        D:6 |    1454 |     378 |  20.6 |      32 |       2 |   5.9
        D:7 |    1970 |     554 |  21.9 |      32 |       6 |  15.8
            +---------+---------+-------+---------+---------+-------

Illustrated notes

Table legend:
 A = Kills in this place as a percentage of kills in entire the game.
 B = Kills by you in this place as a percentage of kills by you in the entire game.
 C = Kills by friends in this place as a percentage of kills by friends in the entire game.
 D = Other kills in this place as a percentage of other kills in the entire game.
 E = Experience gained in this place as a percentage of experience gained in the entire game.
 F = Experience gained in this place divided by the number of levels of this place that you have seen.
                   A       B       C       D       E      F
               +-------+-------+-------+-------+-------+----------------------
         Total | 100.0 | 100.0 |   N/A |   N/A | 100.0 | 740.5
       Dungeon | 100.0 | 100.0 |   N/A |   N/A | 100.0 | 846.3
               +-------+-------+-------+-------+-------+----------------------

Table legend: (Time is in decaauts)
 A = Elapsed time spent in this place.
 B = Non-inter-level travel time spent in this place.
 C = Inter-level travel time spent in this place.
 D = Time resting spent in this place.
 E = Time spent auto-exploring this place.
 F = Levels seen in this place.
 G = Mean time per level.
                   A        B        C        D        E       F      G
               +--------+--------+--------+--------+--------+-----+--------+
         Total |   9960 |   9647 |    313 |   2301 |   6198 |   8 | 1245.0 |
       Dungeon |   9794 |   9513 |    281 |   2301 |   6079 |   7 | 1399.1 |
        Temple |    165 |    133 |     32 |      0 |    119 |   1 |  165.0 |
               +--------+--------+--------+--------+--------+-----+--------+

Top non-repeatable levels by time:
     D:2: 1902 daAuts
     D:6: 1465 daAuts
     D:3: 1462 daAuts
     D:5: 1460 daAuts
     D:1: 1460 daAuts
     D:7: 1416 daAuts
     D:4: 627 daAuts
  Temple: 165 daAuts
